[Event "Late-Titled-Tuesday-Blitz-June-04-2024"]
[Site "Chess.com"]
[Date "2024.06.04"]
[Round "11"]
[White "egnfanclub"]
[Black "Mariia89"]
[Result "1-0"]
[WhiteElo "2354"]
[BlackElo "2247"]
[TimeControl "180+1"]
[EndTime "16:05:43 PDT"]
[Termination "egnfanclub won by checkmate"]

1. e4 c6 2. d4 d5 3. exd5 cxd5 4. c4 Nf6 5. Nc3 e6 6. Nf3 Be7 7. cxd5 exd5 8. Bd3 O-O 9. h3 Nc6 10. O-O a6 11.
Bf4 Re8 12. Re1 b5 13. a3 Na5 14. Ne5 Bb7 15. Qf3 Nc4 16. Bxc4 bxc4 17. Nxc4 Ne4 18.
Ne5 Rc8 19. Rac1 Qb6 20. Be3 Bf6 21. Nd7 Qxb2 22. Nxe4 Rxe4 23. Nxf6+ gxf6 24. Qxf6 Rxc1 25. Rxc1 Re6 26. Qd8+ Kg7 27. Qg5+ Rg6 28. Qe5+ Kg8 29. Rc7 Qb6 30. Qe8+ Kg7 31. Qxf7+ Kh8 32. Qxh7# 1-0

[Event "Late-Titled-Tuesday-Blitz-June-04-2024"]
[Site "Chess.com"]
[Date "2024.06.04"]
[Round "11"]
[White "Chessdreamer2020"]
[Black "hansen"]
[Result "1/2-1/2"]
[WhiteElo "2586"]
[BlackElo "3012"]
[TimeControl "180+1"]
[EndTime "16:05:47 PDT"]
[Termination "Game drawn by repetition"]

1. e4 c5 2. Nf3 d6 3. d4 cxd4 4. Qxd4 a6 5. h3 Nc6 6. Qe3 g6 7. Be2 Be6 8. O-O Rc8 9. c4 Nf6 10. Rd1 Qa5 11. Nc3 Bg7 12. Rb1 Nd7 13. Bd2 Qc5 14.
Qxc5 dxc5 15. b3 Nd4 16. Nxd4 Bxd4 17. Nd5 Nf6 18. Bd3 Nd7 19. Bf4 f6 20. Be2 h5 21.
Kf1 Kf7 22. Bh2 Ne5 23. f4 Nc6 24. Bd3 Rhd8 25. Ke2 Nb4 26. Nxb4 cxb4 27. Bg1 Bxg1 28. Rxg1 Bd7 29. Rgd1 e5 30. fxe5 fxe5 31. Ke3 Ke7 32. Be2 Be6 33. Rxd8 Rxd8 34. Rd1 Rc8 35. g4 h4 36. Rf1 a5 37. Ra1 b6 38. a3 bxa3 39. Rxa3 Rc6 40. Ra1 Kd6 41. Rd1+ Kc5 42. Rd8 Kb4 43.
Bd1 Kc3 44. Rd3+ Kb4 45. Rd8 Ka3 46. Rd2 Kb4 47. Rd8 1/2-1/2

[Event "Late-Titled-Tuesday-Blitz-June-04-2024"]
[Site "Chess.com"]
[Date "2024.06.04"]
[Round "11"]
[White "tactic"]
[Black "Rital44"]
[Result "0-1"]
[WhiteElo "2552"]
[BlackElo "2689"]
[TimeControl "180+1"]
[EndTime "16:05:48 PDT"]
[Termination "Rital44 won by resignation"]

1. e4 c5 2. c3 d5 3. exd5 Qxd5 4. Nf3 Nc6 5. Na3 Bg4 6. Be2 e6 7. Qa4 Nf6 8. Nc4 Rd8 9. Ne3 Qh5 10. h3 Bxf3 11.
Bxf3 Qe5 12. Bxc6+ bxc6 13. Qxa7 Bd6 14. Qa4 O-O 15.
Qxc6 Nd5 16. d3 Rc8 17. Qa4 c4 18. d4 Qe4 19. Qc2 Qh4 20. Nxd5 exd5 21. O-O Rce8 22.
Qf5 Re6 23. Qxd5 Rg6 24. Kh1 Re8 25. Be3 h6 26. a4 Rxe3 27. fxe3 Qg3 28. Qxf7+ Kh7 29.
Qxg6+ Kxg6 30. Kg1 Qxe3+ 31. Kh1 Qg3 32. Kg1 Bf4 33. Rf3 Be3+ 34. Kf1 Qh2 35. Ke2 Bg5 36. Kf2 Bh4+ 37. Ke3 Qxg2 38. Raf1 Bg5+ 39. Ke4 Qc2+ 40.
Kd5 Qxa4 41. Rg1 Qb5+ 42. Ke4 Qe8+ 43. Kd5 Qa8+ 44. Kxc4 Qxf3 45. h4 Qc6+ 46. Kd3 Qb5+ 47. c4 Qb3+ 48. Ke4 Qc2+ 49. Kd5 Qf5+ 50. Kc6 Qe4+ 51.
Kc5 Qxh4 52. d5 Qf2+ 53. Kc6 Qxg1 54. b4 Be7 55. c5 Kf6 56. d6 Ke6 57. dxe7 Kxe7 58.
Kc7 Qd4 59. c6 Qxb4 60. Kc8 Qc5 61. c7 Qxc7+ 62. Kxc7 h5 63. Kb8 h4 0-1

[Event "Late-Titled-Tuesday-Blitz-June-04-2024"]
[Site "Chess.com"]
[Date "2024.06.04"]
[Round "11"]
[White "VirtualCoach"]
[Black "Defenstrator"]
[Result "0-1"]
[WhiteElo "2224"]
[BlackElo "2364"]
[TimeControl "180+1"]
[EndTime "16:05:48 PDT"]
[Termination "Defenstrator won on time"]

1. e4 c5 2. Nf3 Nc6 3. d4 cxd4 4. Nxd4 Qc7 5. Nc3 Nf6 6. Be3 d6 7. Be2 g6 8. O-O Bg7 9. Nd5 Nxd5 10. exd5 Nxd4 11. Bxd4 O-O 12. Bxg7 Kxg7 13. c4 e5 14. dxe6 Bxe6 15. Qd4+ Kg8 16. Rad1 Rfd8 17. b3 d5 18. c5 a5 19. Rc1 a4 20. b4 a3 21. Rc3 Qd7 22. Rfc1 h5 23. b5 Qe7 24. h3 Bxh3 25. Bxh5 Qg5 26. Bf3 Ra5 27. Re1 Rxb5 28. Re5 Bf5 29. Re1 Rb2 30. Bxd5 Be6 31. Rh3 Bxh3 32.
Re3 Rxd5 0-1

[Event "Late-Titled-Tuesday-Blitz-June-04-2024"]
[Site "Chess.com"]
[Date "2024.06.04"]
[Round "11"]
[White "Aygehovit1992"]
[Black "Hikaru"]
[Result "0-1"]
[WhiteElo "2824"]
[BlackElo "3196"]
[TimeControl "180+1"]
[EndTime "16:05:49 PDT"]
[Termination "Hikaru won by checkmate"]

1. e4 a6 2. d4 e6 3. Bd3 d5 4. e5 c5 5. c3 Bd7 6. Nf3 Bb5 7. Bxb5+ axb5 8. dxc5 Bxc5 9. Nbd2 Nc6 10. Nb3 Bb6 11.
h4 Nge7 12. h5 h6 13. Nfd4 Nxe5 14. Bf4 N5c6 15. Nxb5 e5 16. Be3 O-O 17. Qg4 Bxe3 18. fxe3 Qb6 19. Qe2 Nf5 20. Rh3 Ra4 21. g4 Nfe7 22.
Na3 f6 23. O-O-O Rfa8 24. Rh2 Re4 25. Rh3 Raa4 26. Rg3 Na5 27. Nd2 Rxa3 28. bxa3 Ra4 29. Nb1 Qc6 30. g5 hxg5 31. h6 Nf5 32. h7+ Kh8 33. Rh3 Nh4 34. Qh5 Nc4 35. Qf7 Ra8 36.
Rxd5 Qb6 37. Rd7 Qb2+ 38. Kd1 Qxb1+ 39. Ke2 Qxa2+ 40. Ke1 Ng2+ 41. Kf1 Ngxe3+ 42. Ke1 Qb1+ 43. Ke2 Qf1# 0-1

[Event "Late-Titled-Tuesday-Blitz-June-04-2024"]
[Site "Chess.com"]
[Date "2024.06.04"]
[Round "11"]
[White "Bryanl106"]
[Black "xakevicius91"]
[Result "0-1"]
[WhiteElo "2701"]
[BlackElo "2584"]
[TimeControl "180+1"]
[EndTime "16:05:49 PDT"]
[Termination "xakevicius91 won by resignation"]

1. e4 c5 2. Nf3 a6 3. Nc3 Nc6 4.
d4 cxd4 5. Nxd4 Qc7 6. Be3 e6 7. a3 Be7 8. Qd2 b5 9. f4 b4 10. axb4 Bxb4 11. Nxc6 Qxc6 12. Qd4 Bxc3+ 13. bxc3 Nf6 14.
Bd3 O-O 15. O-O Bb7 16. Rfb1 Rfc8 17. Rb6 Qc7 18. Rab1 Rab8 19. c4 Bc6 20. e5 Ne8 21.
c5 Rxb6 22. Rxb6 a5 23. Qa1 a4 24. Bd2 Ra8 25. Qa3 g6 26. Ra6 Rxa6 27. Bxa6 Qa7 28.
Bd3 Qb7 29. g3 Nc7 30. Qb4 Qa8 31. Qa3 Bh1 32. Bf1 Bc6 33. c4 h5 34. Bc3 h4 35.
Qb4 a3 36. Qb6 a2 37. Qxc7 a1=Q 38. Bxa1 Qxa1 39. Qd6 h3 40. Kf2 Qb2+ 41. Be2 Qc1 42. Qd1 Qc3 43. Qd3 Qa1 44. Qd1 Qa3 45. Qd4 Qc1 46.
Qd1 Qc3 47. Qd4 Qxd4+ 0-1

[Event "Late-Titled-Tuesday-Blitz-June-04-2024"]
[Site "Chess.com"]
[Date "2024.06.04"]
[Round "11"]
[White "BashiqChess"]
[Black "Ramosha"]
[Result "0-1"]
[WhiteElo "2493"]
[BlackElo "2640"]
[TimeControl "180+1"]
[EndTime "16:05:50 PDT"]
[Termination "Ramosha won on time"]

1. Nf3 Nf6 2. b3 d5 3. Bb2 c5 4. e3 Nc6 5. Bb5 e6 6. O-O Bd6 7. d3 Bd7 8. e4 Bc7 9. exd5 Nxd5 10. c4 Nf6 11. d4 cxd4 12. Nxd4 Nxd4 13. Bxd7+ Qxd7 14. Qxd4 Qxd4 15. Bxd4 a6 16. Nc3 O-O-O 17. Bxf6 gxf6 18.
Rad1 f5 19. g3 h5 20. f4 h4 21. Kg2 h3+ 22. Kf3 Ba5 23. Ne2 Bb6 24. a3 f6 25. b4 e5 26. fxe5 fxe5 27. c5 Bc7 28.
Ng1 f4 29. Rxd8+ Kxd8 30. gxf4 exf4 31. Rd1+ Ke7 32. Ne2 Rh6 33. Rd4 Rg6 34. Nxf4 Bxf4 35. Rxf4 Rg2 36. Re4+ Kf6 37. Re2 Rg1 38. Kf4 Rg2 39.
Ke3 Rg1 40. Rf2+ Ke5 41. Ra2 Kd5 42. Rd2+ Kc6 43. Kf3 a5 44. Rd6+ Kc7 45. b5 Ra1 46.
b6+ Kc8 47. Rd3 Rc1 48. Rd5 Rc3+ 49. Kg4 Rxa3 50. Rh5 Rc3 51. Rh8+ Kd7 52. Rh7+ Kc6 53. Rc7+ Kb5 54. Rxb7 Rxc5 55. Kxh3 Rh5+ 56. Kg3 Rh6 57.
h4 a4 58. Kg4 Rxb6 59. Ra7 Ra6 60. Rb7+ Kc6 61. Rb1 Kd7 62. h5 Ke7 0-1

[Event "Late-Titled-Tuesday-Blitz-June-04-2024"]
[Site "Chess.com"]
[Date "2024.06.04"]
[Round "11"]
[White "pinelone"]
[Black "LoonsDeKoeben"]
[Result "1-0"]
[WhiteElo "2411"]
[BlackElo "2295"]
[TimeControl "180+1"]
[EndTime "16:05:54 PDT"]
[Termination "pinelone won by checkmate"]

1. Nf3 b6 2. g3 Bb7 3. Bg2 e6 4. c4 Nf6 5. b3 Be7 6. Bb2 O-O 7. O-O d6 8. Nc3 e5 9. d3 Nbd7 10. e4 c5 11. Ne1 Nb8 12. f4 Nc6 13. f5 Nd4 14.
Nc2 Nd7 15. Ne3 Bg5 16. Ned5 Bxd5 17. Nxd5 Nf6 18. h4 Nxd5 19. exd5 Be3+ 20. Kh2 Qf6 21. Be4 Qh6 22. Kh3 f6 23. Rb1 Kh8 24. b4 g6 25. Bxd4 cxd4 26. c5 g5 27. h5 g4+ 28.
Qxg4 Rg8 29. Qf3 Rg5 30. g4 Rag8 31. Rg1 Bf2 32. Qxf2 Rxh5+ 33. gxh5 Qxh5+ 34. Qh4 Qf7 35. c6 Rxg1 36. Rxg1 b5 37. Qh6 a5 38. a3 axb4 39. axb4 Qe7 40. Rg6 Qf7 41. Rxf6 Qe7 42. Rf8+ Qxf8 43.
Qxf8# 1-0

[Event "Late-Titled-Tuesday-Blitz-June-04-2024"]
[Site "Chess.com"]
[Date "2024.06.04"]
[Round "11"]
[White "Likvidator228"]
[Black "pavelalexandru07"]
[Result "0-1"]
[WhiteElo "2575"]
[BlackElo "2473"]
[TimeControl "180+1"]
[EndTime "16:05:55 PDT"]
[Termination "pavelalexandru07 won by checkmate"]

1. b3 d5 2. Bb2 c5 3. Nf3 a6 4. g3 Nc6 5. Bg2 Nf6 6. O-O e6 7. c4 d4 8. e3 Be7 9. exd4 cxd4 10. d3 O-O 11. Nbd2 Bc5 12. Qe2 Re8 13. a3 a5 14. Ng5 h6 15. Nge4 Nxe4 16. Nxe4 Bf8 17.
f4 Bd7 18. Rae1 Qc7 19. g4 Rab8 20. f5 exf5 21. gxf5 b5 22. Bc1 bxc4 23. bxc4 Qd8 24. Qh5 Ne5 25. Rd1 Rb3 26. f6 g6 27. Qh4 Rxd3 28. Bxh6 Rxd1 29. Rxd1 Ng4 30. Bxf8 Rxf8 31. Ng5 Nxf6 32. Rxd4 Qb6 33. Bd5 Bg4 34. Qf2 Bf5 35. Kg2 Ng4 36. Qd2 Qf6 37. h3 Ne5 38. c5 Nd3 39.
Rc4 Qe5 40. Bxf7+ Rxf7 41. Nxf7 Kxf7 42. Qc3 Be4+ 43. Kf1 Qf4+ 44. Ke2 Qf2+ 45. Kd1 Bf3# 0-1

[Event "Late-Titled-Tuesday-Blitz-June-04-2024"]
[Site "Chess.com"]
[Date "2024.06.04"]
[Round "11"]
[White "Laico"]
[Black "djano"]
[Result "0-1"]
[WhiteElo "2431"]
[BlackElo "2628"]
[TimeControl "180+1"]
[EndTime "16:05:57 PDT"]
[Termination "djano won by resignation"]

1. e4 c5 2. Nc3 g6 3. f4 Bg7 4. Nf3 a6 5. g3 e6 6. e5 d5 7. exd6 Nf6 8. d4 Qxd6 9. Be3 cxd4 10. Qxd4 Qc7 11. O-O-O O-O 12. Qb6 Qxb6 13. Bxb6 Nbd7 14.
Bc7 b5 15. Bg2 Bb7 16. a3 Rfc8 17. Ba5 Nc5 18. Rhg1 Ng4 19. Rde1 Nd7 20. h3 Ngf6 21. Ng5 Bxg2 22. Rxg2 h6 23. Nf3 Nc5 24. Rd2 Nb7 25. Bb6 Rc6 26. Bd4 Rac8 27. Ne5 R6c7 28. Bb6 Re7 29.
g4 h5 30. Red1 hxg4 31. hxg4 Ne8 32. Rd7 Rxd7 33. Rxd7 Nbd6 34. Ba5 g5 35. Bb4 gxf4 36. Nd3 Nc4 37. Nxf4 Bh6 38. Ne2 e5 39. b3 Nb6 40.
Rd6 Nxd6 41. Bxd6 exf4 0-1

[Event "Late-Titled-Tuesday-Blitz-June-04-2024"]
[Site "Chess.com"]
[Date "2024.06.04"]
[Round "11"]
[White "N_I_Chess"]
[Black "Supelyel"]
[Result "0-1"]
[WhiteElo "2297"]
[BlackElo "2423"]
[TimeControl "180+1"]
[EndTime "16:05:57 PDT"]
[Termination "Supelyel won by checkmate"]

1. d4 d6 2. c4 Nf6 3. Nc3 Nbd7 4. Nf3 e5 5. e3 Be7 6. Bd3 c6 7. O-O O-O 8. b3 Re8 9. Bb2 Qc7 10. Qc2 Bf8 11. Rad1 a5 12. h3 h6 13. Rfe1 b6 14.
e4 Bb7 15. d5 cxd5 16. exd5 Rac8 17. Nh4 Nc5 18. Bf1 g6 19. Re3 Bg7 20. g4 Qe7 21.
Nf3 Qf8 22. Bg2 Nh7 23. Nh4 Bf6 24. Nf3 Rcd8 25. Rde1 Bc8 26. Nd2 Bg5 27. R3e2 f5 28.
gxf5 gxf5 29. a3 e4 30. Nb5 Nd3 31. Rd1 Bd7 32. Nd4 Qf7 33. Nf1 Qh5 34. Ng3 Qg6 35.
Ba1 Bh4 36. Kh2 Ng5 37. Rg1 Nf4 38. Re3 Nh5 39. Nxh5 Qxh5 40. Bh1 f4 41. Rxe4 Bxf2 42. Rf1 Qxh3# 0-1

[Event "Late-Titled-Tuesday-Blitz-June-04-2024"]
[Site "Chess.com"]
[Date "2024.06.04"]
[Round "11"]
[White "RealPerangel"]
[Black "Kacparov"]
[Result "1/2-1/2"]
[WhiteElo "2770"]
[BlackElo "2915"]
[TimeControl "180+1"]
[EndTime "16:05:58 PDT"]
[Termination "Game drawn by repetition"]

1. e4 c5 2. g3 d5 3. exd5 Qxd5 4. Nf3 Nc6 5. Nc3 Qd8 6. Bg2 e5 7. O-O Bd6 8. Re1 Nge7 9. Ne4 O-O 10. d3 h6 11. c3 Rb8 12. d4 cxd4 13. Nxd6 Qxd6 14.
cxd4 Bg4 15. dxe5 Qxd1 16. Rxd1 Nxe5 17. Nxe5 Bxd1 18. Nd7 Nc6 19. Nxb8 Rxb8 20. Be3 Bg4 21. Rc1 Be6 22. a3 a6 23. b4 Rc8 24. f4 Kf8 25. Kf2 h5 26. a4 Bd7 27. Rd1 Be8 28. Bc5+ Kg8 29. f5 b5 30. axb5 axb5 31. h3 Ne5 32. Ke3 f6 33. Kf4 Bf7 34. g4 hxg4 35. hxg4 Bc4 36.
Be4 Nf7 37. Rd7 Re8 38. Bc6 Re1 39. Rb7 Ne5 40. Bxb5 Bxb5 41. Rxb5 Rf1+ 42. Kg3 Rc1 43. Bd4 Nc6 44. Rc5 Nxd4 45. Rxc1 Ne2+ 46. Kh4 Nxc1 47. b5 Nd3 48. b6 Nc5 49. g5 fxg5+ 50. Kxg5 Kf7 51. Kg4 Kf6 52. Kf4 Nb7 53. Kg4 Nd6 54. Kf4 Ke7 55. Kg5 Kf7 56. Kg4 Kf6 57.
Kf4 Nb7 58. Kg4 Nc5 59. Kf4 Nb7 1/2-1/2

[Event "Late-Titled-Tuesday-Blitz-June-04-2024"]
[Site "Chess.com"]
[Date "2024.06.04"]
[Round "11"]
[White "SahaNeelash"]
[Black "AlexeiShirov"]
[Result "0-1"]
[WhiteElo "2690"]
[BlackElo "2898"]
[TimeControl "180+1"]
[EndTime "16:05:58 PDT"]
[Termination "AlexeiShirov won by checkmate"]

1. d4 d5 2. c4 e6 3. Nf3 Nf6 4. Nc3 c6 5. e3 Nbd7 6. Be2 Bd6 7. O-O O-O 8. b3 b6 9. Bb2 Bb7 10. Rc1 Rc8 11. Re1 Qe7 12. Bd3 Ba3 13. Qc2 Bxb2 14.
Qxb2 Rfd8 15. e4 dxe4 16. Nxe4 c5 17. d5 exd5 18. Neg5 Qd6 19. Qc2 h6 20. Bh7+ Kf8 21. Nxf7 Kxf7 22. Qg6+ Kf8 23. Nh4 Ne5 24. Qf5 Nc6 25.
Re6 Nd4 26. Ng6+ Kf7 27. Ne5+ Kf8 28. Ng6+ Kf7 29. Ne5+ Qxe5 30. Bg6+ Kg8 31. Qxe5 Nxe6 32. Qxe6+ Kh8 33. g4 dxc4 34. g5 Rc6 35. Qf5 Rd5 36.
Qc2 Rxg5+ 37. Kf1 Re6 38. f4 Rg2 39. Qxc4 Bd5 40. Qd3 Ng4 41. f5 Nxh2# 0-1

[Event "Late-Titled-Tuesday-Blitz-June-04-2024"]
[Site "Chess.com"]
[Date "2024.06.04"]
[Round "11"]
[White "TERMINATOR_PC"]
[Black "Squirlolz"]
[Result "1/2-1/2"]
[WhiteElo "2588"]
[BlackElo "2511"]
[TimeControl "180+1"]
[EndTime "16:05:59 PDT"]
[Termination "Game drawn by repetition"]

1. c4 b6 2. Nc3 Bb7 3. e4 e6 4. g3 Bb4 5. Bg2 f5 6. d3 fxe4 7. Bxe4 Bxe4 8. dxe4 Bxc3+ 9. bxc3 Qf6 10. Bd2 Nc6 11. f4 Nge7 12. Nf3 O-O 13. O-O Rad8 14. Qe2 Qg6 15. Kh1 Qh5 16. Qg2 Na5 17. g4 Qc5 18. f5 Nxc4 19. Bf4 Ne3 20. Bxe3 Qxe3 21. Rae1 Qxc3 22. Ng5 Qf6 23. h4 exf5 24. exf5 Rde8 25.
Re4 h6 26. Nf3 Nd5 27. Rfe1 Rxe4 28. Rxe4 Qc6 29. Ne5 Qc1+ 30. Kh2 c6 31. Ng6 Rd8 32. Qe2 Kh7 33. Re8 Rxe8 34. Qxe8 Qd2+ 35. Kh1 Qd1+ 36. Kh2 Qc2+ 37. Kh1 Qb1+ 38. Kh2 Qxa2+ 39. Kh1 Qa1+ 40. Kh2 Qb2+ 41. Kh1 Qb1+ 42. Kh2 Qc2+ 43. Kh1 Qb1+ 44. Kh2 Qa2+ 45. Kh1 Qb1+ 1/2-1/2

[Event "Late-Titled-Tuesday-Blitz-June-04-2024"]
[Site "Chess.com"]
[Date "2024.06.04"]
[Round "11"]
[White "rezamahdavi2008"]
[Black "BogdanDeac"]
[Result "1-0"]
[WhiteElo "2970"]
[BlackElo "3013"]
[TimeControl "180+1"]
[EndTime "16:06:00 PDT"]
[Termination "rezamahdavi2008 won on time"]

1. e4 c6 2. d4 d5 3. e5 Bf5 4.
Nf3 e6 5. Be2 Nd7 6. O-O a5 7.
Nc3 a4 8. Bd2 h6 9. b3 b5 10.
Bd3 Ne7 11. Ne2 Bxd3 12. cxd3 Nf5 13. Rc1 axb3 14. axb3 c5 15. dxc5 Bxc5 16. d4 Ba3 17. Rc6 O-O 18. Qc2 b4 19. Rc7 Rc8 20. Rxc8 Qxc8 21.
Qd3 Qc6 22. Rd1 Rc8 23. g4 Ne7 24. Ne1 Nb6 25. f4 Nc4 26. Qb1 Qb6 27. bxc4 dxc4 28.
Nc2 c3 29. Bxc3 Nd5 30. Be1 Qc6 31. Rd2 Qa4 32. Kf2 b3 33. Nxa3 Qxa3 34. Rb2 Rb8 35. Bd2 Qa4 36. Qd3 Qa3 37. Qb1 Qa4 38. Qd3 Qa3 39. Bc1 Qa4 40. Nc3 Qc6 41. Ne2 Qa4 42.
f5 Qb4 43. h4 Qa4 44. Qf3 Qc4 45. Kg3 Qa4 46. f6 1-0

[Event "Late-Titled-Tuesday-Blitz-June-04-2024"]
[Site "Chess.com"]
[Date "2024.06.04"]
[Round "11"]
[White "mostafa_sakha"]
[Black "Oleg_Papayan"]
[Result "1-0"]
[WhiteElo "2416"]
[BlackElo "2544"]
[TimeControl "180+1"]
[EndTime "16:06:03 PDT"]
[Termination "mostafa_sakha won on time"]

1. d4 d5 2. c4 dxc4 3. e3 e5 4.
Bxc4 exd4 5. Qb3 Qd7 6. Nf3 Nc6 7. O-O Na5 8. Qc2 Nxc4 9. Qxc4 Nf6 10. exd4 Be7 11.
Ne5 Qd5 12. Qxc7 Qxd4 13. Nc3 Qd8 14. Nb5 O-O 15. Be3 Nd5 16. Qxd8 Rxd8 17. Bxa7 f6 18.
Nc4 Bd7 19. a4 Bc6 20. Rfe1 Bb4 21. Red1 Nf4 22. Ne3 Rxd1+ 23. Nxd1 Bxb5 24. axb5 Bc5 25. Ra4 Rxa7 26. Rxf4 Ra1 27. g4 Rxd1+ 28. Kg2 b6 29. b4 Bd6 30. Rc4 Be5 31. Rc6 Bd4 32. Rd6 Rd2 33. Kf3 Rxf2+ 34. Ke4 Rxh2 35. Rxd4 Rg2 36.
Kd5 1-0

[Event "Late-Titled-Tuesday-Blitz-June-04-2024"]
[Site "Chess.com"]
[Date "2024.06.04"]
[Round "11"]
[White "jefferyx"]
[Black "denizozen"]
[Result "1-0"]
[WhiteElo "3091"]
[BlackElo "2939"]
[TimeControl "180+1"]
[EndTime "16:06:04 PDT"]
[Termination "jefferyx won by resignation"]

1. e4 e5 2. Nf3 Nf6 3. Nc3 Nc6 4. d4 exd4 5. Nxd4 Bb4 6. Nxc6 bxc6 7. Bd3 d5 8. exd5 cxd5 9. O-O O-O 10. h3 c6 11. Qf3 Bd6 12. Bf4 Rb8 13. b3 Be6 14. Ne2 Qc7 15. Qg3 Bxf4 16. Nxf4 Qd7 17. Rfe1 Bf5 18. Bxf5 Qxf5 19. Nd3 Ne4 20. Qe3 Qd7 21.
Qd4 Rfe8 22. c4 Rbd8 23. cxd5 Qxd5 24. Qxd5 cxd5 25. Rac1 a5 26. f3 Nf6 27. Rxe8+ Rxe8 28. Rc5 Ra8 29. Kf2 Kf8 30. Ke3 Ke7 31. Kd4 g5 32. Rc7+ Kf8 33. Ne5 Kg8 34. Nxf7 Re8 35. Nxg5 Re2 36. g4 Rxa2 37. Ke5 Ne8 38. Rc8 Kg7 39.
Kxd5 Nf6+ 40. Ke5 Re2+ 41. Kf5 Nd5 42. Rc5 Ne7+ 43. Kf4 Rb2 44. Rxa5 Rxb3 45. Ra7 Rb4+ 46. Kg3 Kf6 47. Nxh7+ Ke6 48. Ng5+ Kf6 49. Ne4+ Ke6 50. h4 Nd5 51. h5 Rb1 52. h6 Rh1 53. h7 Ke5 54. Ra5 Kd4 55. Ng5 Rh6 56. Ra8 Nf4 57. Kxf4 1-0

[Event "Late-Titled-Tuesday-Blitz-June-04-2024"]
[Site "Chess.com"]
[Date "2024.06.04"]
[Round "11"]
[White "Shankland"]
[Black "jcibarra"]
[Result "0-1"]
[WhiteElo "2967"]
[BlackElo "2927"]
[TimeControl "180+1"]
[EndTime "16:06:04 PDT"]
[Termination "jcibarra won by resignation"]

1. e4 c5 2. Nf3 Nc6 3. d4 cxd4 4. Nxd4 e6 5. Nc3 Bc5 6. Nxc6 bxc6 7. Bd3 d5 8. O-O Ne7 9. Qh5 Ng6 10. Bd2 O-O 11.
Rae1 Rb8 12. b3 Bb4 13. e5 Qa5 14. Re3 f5 15. exf6 d4 16. f7+ Rxf7 17. Bxg6 hxg6 18. Qxa5 Bxa5 19. Ne4 Bxd2 20. Rd3 Bc3 21. Nxc3 dxc3 22.
Rxc3 Bd7 23. Rd1 Rb5 24. Rcd3 Rd5 25. c4 Rxd3 26. Rxd3 Kf8 27. f3 Ke7 28. Kf2 c5 29. Re3 Bc6 30. Re5 Rf5 31. Re3 Kd6 32. Rd3+ Ke7 33.
Re3 g5 34. g4 Rf4 35. Kg3 Kf6 36. Rd3 Rd4 37. Re3 Rd2 38. a3 a5 39. h4 gxh4+ 40.
Kxh4 g5+ 41. Kg3 e5 42. a4 e4 43. fxe4 Ke5 44. Rf3 Bxe4 45. Rf8 Rd3+ 46. Kf2 Rxb3 47.
Rc8 Kd4 48. Rg8 Rf3+ 49. Ke2 Ra3 50. Rxg5 Ra2+ 51. Kf1 Rxa4 52. Rg8 Ke3 53. Kg1 Ra1+ 54. Kh2 Kf2 0-1

[Event "Late-Titled-Tuesday-Blitz-June-04-2024"]
[Site "Chess.com"]
[Date "2024.06.04"]
[Round "11"]
[White "profedechess93"]
[Black "DeTimmerman"]
[Result "1/2-1/2"]
[WhiteElo "2631"]
[BlackElo "2782"]
[TimeControl "180+1"]
[EndTime "16:06:04 PDT"]
[Termination "Game drawn by repetition"]

1. e4 e5 2. Nf3 Nc6 3. Bc4 Nf6 4. d3 Be7 5. c3 O-O 6. Bb3 d5 7. Qe2 dxe4 8. dxe4 Bg4 9. Nbd2 Bd6 10. Nf1 Bh5 11.
h3 Bg6 12. Ng3 Nh5 13. Nxh5 Bxh5 14. g4 Bg6 15. Bd2 Na5 16. Bc2 f6 17. Nh4 Bf7 18. Nf5 Kh8 19. Rg1 Qe8 20. g5 Bg6 21. gxf6 Rxf6 22.
Bg5 Rf7 23. O-O-O b5 24. Rxd6 cxd6 25. Nxd6 Qe6 26. Nxf7+ Bxf7 27. b3 Rc8 28. Qg4 b4 29. c4 Qa6 30. Rd1 h6 31. Qxc8+ Qxc8 32. Rd8+ Qxd8 33. Bxd8 Nc6 34. Bc7 g5 35. Bd1 h5 36.
Kd2 Kg7 37. Ke3 Kf6 38. Bd6 Ke6 39. Bf8 a5 40. Bc5 Kf6 41. a3 Ke6 42. axb4 axb4 43.
Be2 Kf6 44. Bd1 Ke6 45. Be2 Kf6 46. Bd3 Be6 47. Bf1 Bf7 48. Be2 Ke6 49. Bf1 Kf6 50. Be2 Ke6 51. Bf1 Kf6 1/2-1/2

[Event "Late-Titled-Tuesday-Blitz-June-04-2024"]
[Site "Chess.com"]
[Date "2024.06.04"]
[Round "11"]
[White "LeninGuerra"]
[Black "Abund"]
[Result "1-0"]
[WhiteElo "2574"]
[BlackElo "2773"]
[TimeControl "180+1"]
[EndTime "16:06:04 PDT"]
[Termination "LeninGuerra won by resignation"]

1. e4 c6 2. Nf3 d5 3. exd5 cxd5 4. Ne5 Nc6 5. Bb5 Bd7 6. Bxc6 Bxc6 7. O-O e6 8. b3 Bd6 9. Bb2 Nf6 10. d3 Qc7 11. Re1 O-O-O 12. Nd2 Rdf8 13. c4 Kb8 14. Rc1 Qb6 15.
a3 Bxe5 16. Bxe5+ Ka8 17. c5 Qd8 18. b4 d4 19. Qb3 Ng4 20. b5 Bxg2 21. Kxg2 Qg5 22.
Bg3 Qxd2 23. Kf1 Rc8 24. c6 Nf6 25. Rc2 Qa5 26. Rc4 Nd5 27. Rec1 h5 28. Bd6 h4 29. Ra4 Qd8 30. Rxa7+ Kxa7 31. Qa4+ Kb6 32. Bc5+ Kc7 33. b6+ Nxb6 34. Qa5 bxc6 35. Bxb6+ Kd7 36. Bxd8 Rhxd8 37. Qa7+ Rc7 38. Qxd4+ Ke8 39. Qxg7 Rxd3 40. Qh8+ Kd7 41.
Qxh4 Rb7 42. Qf6 Ke8 43. Rxc6 Rb1+ 44. Kg2 Kd7 45. Rc3 Rdd1 46. Qxf7+ Kd6 47. Qc7+ Kd5 48.
Qc5+ Ke4 49. Re3+ Kf4 50. Qe5+ Kg4 51. Rg3+ 1-0

[Event "Late-Titled-Tuesday-Blitz-June-04-2024"]
[Site "Chess.com"]
[Date "2024.06.04"]
[Round "11"]
[White "howitzer14"]
[Black "sergeikim"]
[Result "1-0"]
[WhiteElo "3025"]
[BlackElo "2623"]
[TimeControl "180+1"]
[EndTime "16:06:09 PDT"]
[Termination "howitzer14 won on time"]

1. d4 Nf6 2. Bf4 g6 3. e3 Bg7 4.
Nf3 O-O 5. Be2 d6 6. h3 Nbd7 7.
O-O b6 8. a4 a5 9. Bh2 Bb7 10.
Na3 Ne4 11. c3 e5 12. Qb3 Qe7 13. Nb5 Rac8 14. Rad1 Kh8 15. Na7 Ra8 16. Nb5 Rac8 17. Qa3 f5 18. Nd2 Nxd2 19. Rxd2 f4 20. exf4 exf4 21.
Bg4 f3 22. Nxc7 fxg2 23. Rfd1 Rxc7 24. Bxd6 Qd8 25. Bxc7 Qxc7 26. Qe7 Bc8 27. Re1 Bf6 28. Qe3 Bg7 29. Qe7 Bf6 30. Qe3 Bg7 31. Qg3 Qc6 32. Qxg2 Qxa4 33. Rde2 Nf6 34. Bxc8 Rxc8 35. Qb7 Rg8 36.
Qxb6 Qd7 37. Re6 Nh5 38. Qd6 Qf7 39. Re7 Qf3 40. Re8 h6 41. Rxg8+ Kxg8 42. Qxg6 Nf6 43. Re7 1-0

[Event "Late-Titled-Tuesday-Blitz-June-04-2024"]
[Site "Chess.com"]
[Date "2024.06.04"]
[Round "11"]
[White "sammartin99"]
[Black "azzbrn"]
[Result "0-1"]
[WhiteElo "2311"]
[BlackElo "2516"]
[TimeControl "180+1"]
[EndTime "16:06:10 PDT"]
[Termination "azzbrn won on time"]

1. d4 Nf6 2. c4 e6 3. Nc3 Bb4 4. a3 Bxc3+ 5. bxc3 O-O 6. f3 d5 7. cxd5 exd5 8. e3 c5 9. Bd3 Nc6 10. Ne2 b6 11. O-O Bb7 12. Re1 Re8 13. Ng3 h5 14. Ra2 h4 15. Nf5 h3 16. gxh3 g6 17. Rg2 Qd7 18. Bd2 Kf8 19. Ng3 Qxh3 20. e4 cxd4 21. cxd4 Nxd4 22. Bb4+ Kg8 23. Bf1 Ne6 24. Nf5 Qh5 25. Nd6 Bc6 26. Nxe8 Rxe8 27. e5 Nd7 28. Bd6 Nf4 29. Rg3 Nxe5 30. Bxe5 Rxe5 31.
Rxe5 Qxe5 32. Qd2 d4 33. Bd3 Nxd3 34. Qxd3 Bb5 35. Qd2 d3 36. Rg2 Qa1+ 37. Kf2 Qxa3 38. Kg3 Qd6+ 39. Kh3 Bd7+ 40. Kh4 Qd4+ 41. Kg5 Qd5+ 0-1

[Event "Late-Titled-Tuesday-Blitz-June-04-2024"]
[Site "Chess.com"]
[Date "2024.06.04"]
[Round "11"]
[White "Viktor_Poddubnyi"]
[Black "Bala-Afiada"]
[Result "1-0"]
[WhiteElo "2339"]
[BlackElo "2084"]
[TimeControl "180+1"]
[EndTime "16:06:10 PDT"]
[Termination "Viktor_Poddubnyi won by resignation"]

1. e4 c5 2. Nf3 Nc6 3. d4 cxd4 4.
Nxd4 Nf6 5. Nc3 d6 6. Bc4 e6 7. Bb3 Be7 8. Be3 O-O 9. Qe2 Qa5 10. O-O-O a6 11. g4 Nxd4 12. Rxd4 e5 13. Ra4 Qc7 14.
g5 Ng4 15. Nd5 Qd8 16. Bb6 Qd7 17. h4 Bd8 18. f3 Rb8 19. fxg4 Qxg4 20. Qxg4 Bxg4 21.
Rc4 Be6 22. Bxd8 Rfxd8 23. Rc7 b5 24. Ne7+ Kf8 25. Nc6 Rdc8 26. Nxb8 Rxc7 27. Nxa6 Ra7 28. Bxe6 fxe6 29. Nb4 Ra4 30. a3 d5 31. exd5 exd5 32.
Nxd5 Rd4 33. Rf1+ Ke8 34. Nc7+ Ke7 35. Nxb5 Rxh4 36. Rg1 Rh2 37. Nc3 Ke6 38. a4 h6 39.
gxh6 gxh6 40. a5 Rf2 41. Rh1 Rf6 42. b4 Kd6 43. Kb2 Kc6 44. Kb3 Rg6 45. Rh5 Re6 46.
Ne4 Kb5 47. c4+ Kc6 48. b5+ Kb7 49. Nc5+ 1-0